 Dungeon Crawl Stone Soup version 0.31-a0-16-g6d2539766c (webtiles) character file.

Game seed: 5552976327520475509

263 lunkers the Gusty (level 6, 0/45 HPs)
             Began as a Meteoran Air Elementalist on May 8, 2023.
             Killed by their own static electricity (3 damage)
             ... on level 6 of the Dungeon.
             The game lasted 00:04:10 (2396 turns).

lunkers the Gusty (Meteoran Air Elementalist)       Turns: 2396, Time: 00:04:11

Health: 0/45       AC:  3    Str:  9    XL:     6   Next: 71%
Magic:  9/13       EV: 12    Int: 19    God:
Gold:   217        SH:  0    Dex: 15    Spells: 3/13 levels left

rFire   . . .        q - +2 dagger (holy)
rCold   . . .        (no shield)
rNeg    . . .        a - +0 robe
rPois   .            (no helmet)
rElec   .            (no cloak)
rCorr   .            (no gloves)
SInv    +            w - +0 pair of boots
Will    .....        h - amulet of magic regeneration
Stlth   +            l - ring of wizardry
HPRegen 0.27/turn    s - ring of see invisible
MPRegen 0.53/turn

%: wizardry (x1)
@: glowing
A: sense surroundings 1, otherworldly, glowing, explore regen
a: no special abilities


You were on level 6 of the Dungeon.
You visited 1 branch of the dungeon, and saw 6 of its levels.

You collected 217 gold pieces.

Inventory:

Hand Weapons
 q - a +2 dagger of holy wrath (weapon)
 B - a +0 morningstar of protection
Armour
 a - a +0 robe (worn)
 w - a +0 pair of boots (worn)
Jewellery
 h - an amulet of magic regeneration (around neck)
 l - a ring of wizardry (left hand)
 s - a ring of see invisible (right hand)
 A - a ring of flight
Scrolls
 c - 2 scrolls of butterflies {unknown}
 d - 3 scrolls of poison {unknown}
 e - a scroll of fear {unknown}
 g - a scroll of torment {unknown}
 i - a scroll of enchant armour {unknown}
 k - a scroll of enchant weapon {unknown}
 n - a scroll of amnesia {unknown}
 r - 5 scrolls of identify {unknown}
 u - a scroll of brand weapon {unknown}
 v - a scroll of teleportation {unknown}
 y - a scroll of immolation {unknown}
Potions
 b - a potion of magic
 f - 3 potions of mutation {unknown}
 j - 2 potions of berserk rage {unknown}
 m - 2 potions of brilliance {unknown}
 o - 6 potions of curing {unknown}
 p - a potion of resistance {unknown}
 t - 2 potions of attraction {unknown}
 x - a potion of heal wounds {unknown}
 z - a potion of cancellation {unknown}


   Skills:
 - Level 2.4 Dodging
 - Level 1.4 Stealth
 + Level 4.4 Spellcasting
 + Level 3.6 Conjurations
 * Level 6.3 Air Magic


You had 3 spell levels left.
You knew the following spells:

 Your Spells              Type           Power      Damage    Failure   Level
a - Shock                 Conj/Air       92%        1d8       1%          1
b - Static Discharge      Conj/Air       46%        2-4/arc   1%          2
c - Swiftness             Air            28%        N/A       1%          3
d - Airstrike             Air            14%        2d(2-18)  4%          4

Your spell library contained the following spells:

 Spells                   Type           Power      Damage    Failure   Level
 Apportation              Tloc           8%         N/A       5%          1
 Ensorcelled Hibernation  Hex/Ice        8%         N/A       9%          2
 Lesser Beckoning         Tloc           8%         N/A       9%          2
 Passwall                 Tmut/Erth      3%         N/A       9%          2
 Gell's Gravitas          Tloc           4%         N/A       16%         3
 Teleport Other           Tloc           4%         N/A       16%         3
 Alistair's Intoxication  Tmut/Pois      2%         N/A       78%         5


Dungeon Overview and Level Annotations

Branches:
Dungeon (6/15) Zot: 1206
 Temple: D:4-7

Altars:
Cheibriados
Fedhas
Kikubaaqudgha
Okawaru

Shops:
D:3 =

Annotations:
D:6 Dowan, Grinder


Innate Abilities, Weirdness & Mutations

You passively map a small area around you.
You are easily found by Zot.
You glow in the dark.
You regain HP and MP as you explore.


Message History

Pain shoots through your body!
* * * LOW HITPOINT WARNING * * *
Duvessa hits you with a +0 rapier.
* * * LOW HITPOINT WARNING * * *
Dowan hits you with a +0 dagger.
* * * LOW HITPOINT WARNING * * *
Grinder gestures at you.
You struggle to resist.
Duvessa hits you with a +0 rapier!
* * * LOW HITPOINT WARNING * * *
Dowan hits you with a +0 dagger.
* * * LOW HITPOINT WARNING * * *
Grinder barely misses you. Duvessa hits you with a +0 rapier.
* * * LOW HITPOINT WARNING * * *
You can move again.
Unknown command.
Unknown command.
Unknown command.
Casting: Static Discharge (safe; 1% risk of failure)
Confirm with . or Enter, or press ? or * to list all spells.
Duvessa is struck by an arc of lightning.
Duvessa is almost dead.
Grinder is struck by an arc of lightning.
Grinder is heavily wounded.
Duvessa is struck by an arc of lightning.
You kill Duvessa!
Dowan screams, "No!
No!"
Dowan seems to find hidden reserves of power!
You are struck by an arc of lightning.
* * * LOW HITPOINT WARNING * * *
The lightning grounds out.
Grinder is struck by an arc of lightning.
Grinder is heavily wounded.
You are struck by an arc of lightning.
* * * LOW HITPOINT WARNING * * *
Grinder is struck by an arc of lightning.
Grinder is severely wounded.
The lightning grounds out.
Dowan is struck by an arc of lightning.
Dowan is moderately wounded.
You are struck by an arc of lightning.
You die...

* ..#.#.....#...#
* *###.#.#.......#
#.........#.#, *,
,#.#.......#.#,# ,
,#.#.........#.#,
# #.#####.###.#.#
, ,#<# #.......# *
, #. ,#..e#.### ,
# #.#.#.##@(# ***
** * ##. #.#...)5#
,...#'#+#.#####.##
* * *
##.5......e.....#
, *
.........#####..#
* * #.......###
#..# , *#.......#
#..# , ,
*#.......###..# *
* , ,
#.......e....# * *


You could see Grinder and Dowan (fast).

Vanquished Creatures
  Duvessa (D:6)
  A hound (D:5)
  A jelly (D:6)
  A sleepcap (D:5)
  6 adders
  5 gnolls
  A shadow imp (D:6)
  2 worms
  A dart slug (D:1)
  4 orcs
  3 bats
  2 endoplasms
  2 giant cockroaches
  6 goblins
  3 hobgoblins
  6 jackals (D:2)
  6 kobolds
  2 quokkas
  5 ball pythons
  6 frilled lizards
  A rat (D:1)
65 creatures vanquished.

Notes
Turn   | Place    | Note
-------+----------+-------------------------------------------
     0 | D:1      | lunkers the Meteoran Air Elementalist began the quest for
                  | the Orb.
     0 | D:1      | Reached XP level 1. HP: 14/14 MP: 5/5
    96 | D:1      | Reached XP level 2. HP: 20/20 MP: 4/6
   140 | D:1      | Reached skill level 4 in Air Magic
   423 | D:1      | Reached XP level 3. HP: 25/26 MP: 4/8
   510 | D:2      | Reached XP level 4. HP: 21/33 MP: 3/9
   618 | D:2      | Learned a level 2 spell: Static Discharge
   622 | D:2      | Learned a level 3 spell: Swiftness
   762 | D:3      | Found a blossoming altar of Fedhas.
   885 | D:3      | Found a snail-covered altar of Cheibriados.
   956 | D:3      | You fall into a shaft and drop 1 floor!
  1019 | D:3      | Reached skill level 5 in Air Magic
  1072 | D:3      | Found Imunut's Jewellery Emporium.
  1279 | D:4      | Reached XP level 5. HP: 38/38 MP: 8/11
  1821 | D:4      | Learned a level 4 spell: Airstrike
  1827 | D:4      | Found an iron altar of Okawaru.
  1837 | D:4      | Found an ancient bone altar of Kikubaaqudgha.
  1918 | D:5      | Entered Level 5 of the Dungeon
  1994 | D:5      | Reached XP level 6. HP: 28/45 MP: 3/13
  2242 | D:6      | Reached skill level 6 in Air Magic
  2365 | D:6      | Noticed Duvessa
  2370 | D:6      | Noticed Grinder
  2381 | D:6      | Noticed Dowan
  2392 | D:6      | Paralysed by Grinder for 4 turns
  2396 | D:6      | Killed Duvessa
  2396 | D:6      | Killed from afar by themself

Illustrated notes

Levels and vault maps discovered:
D:1:      elethiomel_arrival_quiet, layout_basic, minivault_11
D:2:      layout_basic, kennysheep_generic_room_8
D:3:      layout_basic, cheibriados_altar_1, nicolae_overflow_crystal_walls,
          serial_shops, nicolae_shop_rolling_square, skrybe_limestone_x
D:4:      layout_loops_corners, kennysheep_okawaru_gauntlet,
          kiku_gazebo_garden_becter
D:5:      layout_basic, minmay_temple_entry_purple_smoke, minivault_25
D:6:      layout_basic, uniq_grinder, uniq_duvessa

Skill      XL: |  1  2  3  4  5  6 |
---------------+-------------------+-----
Air Magic      | 4 5 6 |  6.3
Spellcasting   | 3 4 |  4.4
Conjurations   | 2 3 |  3.6
Dodging        | |  2.4
Stealth        | |  1.4

Action                     |  1- 3 |  4- 6 || total
---------------------------+-------+-------++-------
  Melee: Unarmed           |     7 |       ||     7
         Dagger            |       |     4 ||     4
   Cast: Shock             |    55 |   106 ||   161
         Static Discharge  |       |    10 ||    10
 Armour: Robe              |     7 |     9 ||    16
  Dodge: Dodged            |    23 |    11 ||    34

Table legend: (Time is in decaauts)
 A = Elapsed time spent in this place.
 B = Non-inter-level travel time spent in this place.
 C = Inter-level travel time spent in this place.
 D = Time resting spent in this place.
 E = Time spent auto-exploring this place.
 F = Levels seen in this place.
 G = Mean time per level.
                   A        B        C        D        E       F      G
               +--------+--------+--------+--------+--------+-----+--------+
         Total |   2393 |   2331 |     62 |      0 |   1860 |   6 |  398.8 |
       Dungeon |   2393 |   2331 |     62 |      0 |   1860 |   6 |  398.8 |
               +--------+--------+--------+--------+--------+-----+--------+

Top non-repeatable levels by time:
     D:4: 849 daAuts
     D:1: 447 daAuts
     D:3: 320 daAuts
     D:5: 316 daAuts
     D:2: 299 daAuts
     D:6: 160 daAuts
